cohdb
Replays
Latest Replays
All Replays
Popular Replays
Top Player Replays
Match Explorer
How It Works
Community
CoH3 Stats
Reddit
Sign in to upload your games and track your stats! →
Sign in with Steam
Match 42683346
Unlisted
Match 42683346
Overview
Messages
Build Orders
End
Scout Squad
Construct Weapon Support Center
M1919 Machine Gun Team
M1919 Machine Gun Team
Bazooka Squad
Infantry Support Center
M1919 Machine Gun Team
M3 Armored Personnel Carrier
Construct Medical Station
Selects Heavy Weapons
Selects Assault Carriers
Selects Assault Carriers
Selects Exchangeable Parts
M3 Assault Carrier
Engineer Squad
Construct Barracks
Insomniac
BloodSpark
Anti-Anime
serwerty
0
0
Comments
sign in to comment!
No comments posted yet!